BSA
SEATTLE PIKES @ GREENVILLE 84S
03/01/2029
 
TOP OF THE 1ST
Seattle Pikes batting - Pitching for Greenville 84s : RHP Andrés Vázquez
Pitching: RHP Andrés Vázquez
Batting: RHB Pete Rideout 0-0: Called Strike
0-1: Ball
1-1: Ground out 6-3 (Groundball, 6)
Batting: RHB Wallace Greene 0-0: Called Strike
0-1: Ball
1-1: Fly out, F8 (Flyball, 89M)
Batting: LHB Richard Hunter 0-0: Called Strike
0-1: Ball
1-1: Ball
2-1: Ground out U3 (Groundball, 3)
Top of the 1st over - 0 runs, 0 hits, 0 errors, 0 left on base; Seattle 0 - Greenville 0
BOTTOM OF THE 1ST
Greenville 84s batting - Pitching for Seattle Pikes : LHP David Hill
Pitching: LHP David Hill
Batting: RHB Carlos Torres 0-0: Called Strike
0-1: Ball
1-1: Ground out 6-3 (Groundball, 6)
Batting: LHB Paco Rosas 0-0: Fly out, F7 (Flyball, 78M)
Batting: RHB Enzo Díaz 0-0: Called Strike
0-1: Ball
1-1: Fly out, F9 (Flyball, 9LD)
Bottom of the 1st over - 0 runs, 0 hits, 0 errors, 0 left on base; Seattle 0 - Greenville 0
TOP OF THE 2ND
Seattle Pikes batting - Pitching for Greenville 84s : RHP Andrés Vázquez
Batting: RHB Manuel Rico 0-0: Ball
1-0: Ball
2-0: Called Strike
2-1: Fly out, F8 (Flyball, 8LS)
Batting: LHB Roberto Lozano 0-0: Fly out, F3 (Line Drive, 3)
Batting: RHB Randy Sheppard 0-0: Called Strike
0-1: Ball
1-1: Called Strike
1-2: Ball
2-2: Foul Ball, location: 2F
2-2: SINGLE (Line Drive, 78S)
Batting: RHB Iván Gonzáles 0-0: Called Strike
0-1: Fly out, F9 (Flyball, 89S)
Top of the 2nd over - 0 runs, 1 hit, 0 errors, 1 left on base; Seattle 0 - Greenville 0
BOTTOM OF THE 2ND
Greenville 84s batting - Pitching for Seattle Pikes : LHP David Hill
Batting: LHB Juan Cortés 0-0: Foul Ball, location: 2F
0-1: Called Strike
0-2: Strikes out swinging
Batting: LHB Brock Larsen 0-0: Called Strike
0-1: Ball
1-1: Fly out, F7 (Flyball, 78M)
Batting: LHB Jimmy Vickers 0-0: Ball
1-0: Foul Ball, location: 2F
1-1: Foul Ball, location: 2F
1-2: Fly out, F3 (Popup, 3SF)
Bottom of the 2nd over - 0 runs, 0 hits, 0 errors, 0 left on base; Seattle 0 - Greenville 0
TOP OF THE 3RD
Seattle Pikes batting - Pitching for Greenville 84s : RHP Andrés Vázquez
Batting: SHB António Hernández 0-0: Swinging Strike
0-1: Called Strike
0-2: Foul Ball, location: 2F
0-2: Foul Ball, location: 2F
0-2: TRIPLE (Flyball, 8LXD)
Batting: SHB Richard Bowman 0-0: Ground out 1-3 (Groundball, 15S)
Batting: RHB Pete Rideout 0-0: Ball
1-0: Fly out, F7 (Flyball, 78S)
Batting: RHB Wallace Greene 0-0: Called Strike
0-1: Foul Ball, location: 2F
0-2: SINGLE (Groundball, 56D)
António Hernández scores
Batting: LHB Richard Hunter 0-0: SINGLE (Groundball, 6MD)
Wallace Greene to second
Batting: RHB Manuel Rico 0-0: Ball
1-0: Called Strike
1-1: Ball
2-1: Ground out 1-3 (Groundball, P)
Top of the 3rd over - 1 run, 3 hits, 0 errors, 2 left on base; Seattle 1 - Greenville 0
BOTTOM OF THE 3RD
Greenville 84s batting - Pitching for Seattle Pikes : LHP David Hill
Batting: RHB Robert Buckley 0-0: Fly out, F7 (Flyball, 7LM)
Batting: RHB Casey Fox 0-0: SINGLE (Flyball, 56D)
Batting: LHB Chris Moore 0-0: Ball
1-0: Called Strike
1-1: Ball
2-1: Ball
3-1: Grounds into double play, 6-4-3 (Groundball, 6)
Bottom of the 3rd over - 0 runs, 1 hit, 0 errors, 0 left on base; Seattle 1 - Greenville 0
TOP OF THE 4TH
Seattle Pikes batting - Pitching for Greenville 84s : RHP Andrés Vázquez
Batting: LHB Roberto Lozano 0-0: Foul Ball, location: 2F
0-1: Ball
1-1: Swinging Strike
1-2: Ball
2-2: Foul Ball, location: 2F
2-2: Foul Ball, location: 2F
2-2: Strikes out looking
Batting: RHB Randy Sheppard 0-0: Called Strike
0-1: Ground out 1-3 (Groundball, 15)
Batting: RHB Iván Gonzáles 0-0: Called Strike
0-1: Ball
1-1: Ball
2-1: Swinging Strike
2-2: Fly out, F3 (Popup, 34S)
Top of the 4th over - 0 runs, 0 hits, 0 errors, 0 left on base; Seattle 1 - Greenville 0
BOTTOM OF THE 4TH
Greenville 84s batting - Pitching for Seattle Pikes : LHP David Hill
Batting: RHB Carlos Torres 0-0: Called Strike
0-1: Ball
1-1: DOUBLE (Line Drive, 89D)
Batting: LHB Paco Rosas 0-0: Called Strike
0-1: Ball
1-1: Called Strike
1-2: Foul Ball, location: 2F
1-2: Ball
2-2: Ball
3-2: Foul Ball, location: 2F
3-2: Fly out, F4 (Line Drive, 4)
Batting: RHB Enzo Díaz 0-0: Ball
1-0: Ball
2-0: Called Strike
2-1: Ball
3-1: Foul Ball, location: 2F
3-2: Foul Ball, location: 2F
3-2: Foul Ball, location: 2F
3-2: Foul Ball, location: 2F
3-2: Ground out 5-3 (Groundball, 56)
Batting: LHB Juan Cortés 0-0: Called Strike
0-1: Ball
1-1: Fly out, F8 (Flyball, 8RM)
Bottom of the 4th over - 0 runs, 1 hit, 0 errors, 1 left on base; Seattle 1 - Greenville 0
TOP OF THE 5TH
Seattle Pikes batting - Pitching for Greenville 84s : RHP Andrés Vázquez
Pitching: RHP Juan Moreno
Batting: SHB António Hernández 0-0: Ball
1-0: Swinging Strike
1-1: Ball
2-1: SINGLE (Line Drive, 9)
Batting: SHB Richard Bowman 0-0: Reached on error, E1 (Groundball, 15S)
António Hernández to second
Batting: RHB Pete Rideout 0-0: Ball
1-0: Called Strike
1-1: Swinging Strike
1-2: Strikes out swinging
Batting: RHB Wallace Greene 0-0: Grounds into double play, 6-4-3 (Groundball, 6)
Top of the 5th over - 0 runs, 1 hit, 1 error, 1 left on base; Seattle 1 - Greenville 0
BOTTOM OF THE 5TH
Greenville 84s batting - Pitching for Seattle Pikes : LHP David Hill
Pitching: LHP Manny Sandoval
Batting: LHB Brock Larsen 0-0: Called Strike
0-1: Ball
1-1: Foul Ball, location: 2F
1-2: Ball
2-2: Foul Ball, location: 2F
2-2: Strikes out swinging
Batting: LHB Jimmy Vickers 0-0: Foul Ball, location: 2F
0-1: Ball
1-1: Ground out 4-3 (Groundball, 4S)
Batting: RHB Robert Buckley 0-0: SINGLE (Flyball, 8LS)
Batting: RHB Casey Fox 0-0: Foul Ball, location: 2F
0-1: Called Strike
0-2: Ball
1-2: Fielders Choice at 2nd, 6-4 (Groundball, 6)
Bottom of the 5th over - 0 runs, 1 hit, 0 errors, 1 left on base; Seattle 1 - Greenville 0
TOP OF THE 6TH
Seattle Pikes batting - Pitching for Greenville 84s : RHP Juan Moreno
Batting: LHB Richard Hunter 0-0: Ball
1-0: Called Strike
1-1: Ball
2-1: Ball
3-1: Foul Ball, location: 2F
3-2: SINGLE (Groundball, 34D)
Batting: RHB Manuel Rico 0-0: Ball
1-0: Called Strike
1-1: Ball
2-1: Foul Ball, location: 2F
2-2: Ball
3-2: Foul Ball, location: 2F
3-2: Base on Balls
Richard Hunter to second
Batting: LHB Roberto Lozano 0-0: Called Strike
0-1: Ball
1-1: Swinging Strike
1-2: Ball
2-2: Fielders Choice at 2nd, 3-6 (Groundball, 34)
Richard Hunter to third
Batting: RHB Randy Sheppard 0-0: Fly out, F9 (Flyball, 89S)
Batting: RHB Iván Gonzáles 0-0: Swinging Strike
0-1: Ball
1-1: Ball
2-1: Foul Ball, location: 2F
2-2: Strikes out looking
Top of the 6th over - 0 runs, 1 hit, 0 errors, 2 left on base; Seattle 1 - Greenville 0
BOTTOM OF THE 6TH
Greenville 84s batting - Pitching for Seattle Pikes : LHP Manny Sandoval
Batting: LHB Chris Moore 0-0: Ball
1-0: SINGLE (Flyball, 8LS)
Batting: RHB Carlos Torres 0-0: Called Strike
0-1: DOUBLE (Line Drive, 8RD)
Chris Moore to third
Batting: LHB Paco Rosas 0-0: Called Strike
0-1: Ball
1-1: Reached on error, E1 (Groundball, 13)
Chris Moore scores
Carlos Torres scores
Batting: RHB Enzo Díaz 0-0: Called Strike
0-1: Swinging Strike
0-2: Ball
1-2: Strikes out swinging
Batting: LHB Juan Cortés 0-0: Ball
1-0: TRIPLE (Flyball, 9D)
Paco Rosas scores
Batting: LHB Brock Larsen 0-0: Called Strike
0-1: Ball
1-1: Called Strike
1-2: Ball
2-2: Ball
3-2: Ground out 4-3 (Groundball, 34D)
Batting: LHB Jimmy Vickers 0-0: Ground out 6-3 (Groundball, 6)
Bottom of the 6th over - 3 runs, 3 hits, 1 error, 1 left on base; Seattle 1 - Greenville 3
TOP OF THE 7TH
Seattle Pikes batting - Pitching for Greenville 84s : RHP Juan Moreno
Batting: SHB António Hernández 0-0: SINGLE (Line Drive, 6MD)
Batting: SHB Richard Bowman 0-0: Ball
1-0: Ball
2-0: Called Strike
2-1: Bunt missed!
2-2: Grounds into double play, 4-6-3 (Groundball, 4)
Pitching: RHP Ricardo Trujillo
Pinch Hitting: RHB Murai Ishihara 0-0: Swinging Strike
0-1: Ball
1-1: Ground out 5-3 (Groundball, 5)
Top of the 7th over - 0 runs, 1 hit, 0 errors, 0 left on base; Seattle 1 - Greenville 3
BOTTOM OF THE 7TH
Greenville 84s batting - Pitching for Seattle Pikes : LHP Manny Sandoval
Pitching: LHP Juan Parrot
Now at 1B: Murai Ishihara
Batting: RHB Robert Buckley 0-0: Called Strike
0-1: Foul Ball, location: 2F
0-2: Strikes out swinging
Batting: RHB Casey Fox 0-0: Ball
1-0: Ball
2-0: Ball
3-0: Called Strike
3-1: Base on Balls
Batting: LHB Chris Moore 0-0: Called Strike
0-1: Ball
1-1: Called Strike
1-2: Ball
2-2: Ball
3-2: Fly out, F8 (Line Drive, 8RM)
Batting: RHB Carlos Torres 0-0: Ball
1-0: Ball
2-0: Ball
3-0: Base on Balls
Casey Fox to second
Batting: LHB Paco Rosas 0-0: Ball
1-0: Fly out, F9 (Flyball, 89D)
Bottom of the 7th over - 0 runs, 0 hits, 0 errors, 2 left on base; Seattle 1 - Greenville 3
TOP OF THE 8TH
Seattle Pikes batting - Pitching for Greenville 84s : RHP Ricardo Trujillo
Batting: RHB Wallace Greene 0-0: Called Strike
0-1: Ball
1-1: Ball
2-1: Foul Ball, location: 2F
2-2: SINGLE (Line Drive, 56)
Pitching: LHP Sam Kettley
Batting: RHB Robinson Pacheco 0-0: Ball
1-0: Ball
2-0: Ball
3-0: Called Strike
3-1: Base on Balls
Wallace Greene to second
Pitching: RHP Dave Smith
Pinch Hitting: SHB Nate Rhodes 0-0: Swinging Strike
0-1: Swinging Strike
0-2: Foul Ball, location: 2F
0-2: Ball
Wild Pitch!
Wallace Greene to third
Robinson Pacheco to second
1-2: Ground out 3-1 (Groundball, 34)
Pinch Hitting: LHB John Nicholson 0-0: Swinging Strike
0-1: Foul Ball, location: 2F
0-2: Ball
1-2: Ball
2-2: Ball
3-2: Strikes out swinging
Pinch Hitting: RHB Arnold Harmon 0-0: Ball
1-0: Fly out, F3 (Line Drive, 34S)
Top of the 8th over - 0 runs, 1 hit, 0 errors, 2 left on base; Seattle 1 - Greenville 3
BOTTOM OF THE 8TH
Greenville 84s batting - Pitching for Seattle Pikes : LHP Juan Parrot
Now in LF: John Nicholson
Now in CF: Francisco García
Now in RF: Nate Rhodes
Batting: RHB Enzo Díaz 0-0: Ball
1-0: Called Strike
1-1: Ball
2-1: Ball
3-1: Base on Balls
Pinch Hitting: RHB Pat Fernández 0-0: Foul Ball, location: 2F
0-1: Ball
1-1: Grounds into double play, 6-4-3 (Groundball, 6D)
Batting: LHB Brock Larsen 0-0: Ball
1-0: Ball
2-0: Ball
3-0: Base on Balls
Batting: LHB Jimmy Vickers 0-0: Foul Ball, location: 2F
0-1: Called Strike
0-2: Ball
1-2: Foul Ball, location: 2F
1-2: Ball
2-2: Foul Ball, location: 2F
2-2: Ball
3-2: Base on Balls
Brock Larsen to second
Pinch Hitting: RHB Jesús Tisnado 0-0: Ground out 5-3 (Groundball, 56S)
Bottom of the 8th over - 0 runs, 0 hits, 0 errors, 2 left on base; Seattle 1 - Greenville 3
TOP OF THE 9TH
Seattle Pikes batting - Pitching for Greenville 84s : RHP Dave Smith
Pitching: LHP Francisco Ríos
Now at 3B: Ramiro Chávez
Now in RF: Elvin Summers
Pinch Hitting: RHB Robert Johnson 0-0: Foul Ball, location: 2F
0-1: Swinging Strike
0-2: Ball
1-2: Strikes out looking
Pinch Hitting: RHB Ray Ervin 0-0: Called Strike
0-1: Ball
1-1: Swinging Strike
1-2: Foul Ball, location: 2F
1-2: Ground out 3-1 (Groundball, 34S)
Pinch Hitting: RHB Lee Price 0-0: Called Strike
0-1: Ball
1-1: Foul Ball, location: 2F
1-2: Ball
2-2: Ball
3-2: Strikes out swinging
Top of the 9th over - 0 runs, 0 hits, 0 errors, 0 left on base; Seattle 1 - Greenville 3
Saturday, December 16th, 2017 - OOTP Baseball 18.8 Build 76